 Dungeon Crawl Stone Soup version 0.23.2-40-g277498a001 (webtiles) character file.

Game seed: 1228889568849301455

65 Descartes the Skirmisher (level 4, -2/37 HPs)
             Began as a Formicid Abyssal Knight on Sept 30, 2019.
             Was a Follower of Lugonu.
             Slain by a gnoll
             ... wielding a +0 halberd
              (15 damage)
             ... on level 2 of the Dungeon.
             The game lasted 00:04:37 (2076 turns).

Descartes the Skirmisher (Formicid Abyssal Knight)  Turns: 2076, Time: 00:04:37

Health: -2/37      AC:  7    Str: 18    XL:     4   Next: 35%
Magic:  6/6        EV:  5    Int: 11    God:    Lugonu [*.....]
Gold:   49         SH: 11    Dex: 10    Spells: 3/3 levels left

rFire    . . .     SeeInvis +   a - +1 hand axe
rCold    . . .     Gourm    .   n - +0 large shield
rNeg     . . .     Faith    .   e - +0 scale mail
rPois    .         Spirit   .   (helmet unavailable)
rElec    .         Reflect  .   (no cloak)
rCorr    .         Harm     .   (no gloves)
MR       .....                  m - +0 pair of boots
Stlth    ..........             (no amulet)
HPRegen  0.12/turn              (no ring)
MPRegen  0.10/turn              (no ring)

@: drained
A: permanent stasis, dig shafts and tunnels, four strong arms, antennae 3
a: Dig, Shaft Self, Depart the Abyss, Renounce Religion


You were on level 2 of the Dungeon.
You worshipped Lugonu.
Lugonu was aware of your devotion.
You were not hungry.

You visited 1 branch of the dungeon, and saw 2 of its levels.
You visited the Abyss 1 time.

You collected 49 gold pieces.

Inventory:

Hand Weapons
 a - a +1 hand axe (weapon)
Missiles
 d - 18 stones (quivered)
 f - 19 arrows
 h - 3 bolts
Armour
 e - a +0 scale mail (worn)
 m - a +0 pair of boots (worn)
 n - a +0 large shield (worn)
Scrolls
 i - a scroll of amnesia {unknown}
 j - a scroll of teleportation {unknown}
 l - a scroll of identify {unknown}
Potions
 b - 2 potions of brilliance {unknown}
 g - 2 potions of curing {unknown}
 k - a potion of heal wounds {unknown}
 o - a potion of flight {unknown}
Comestibles
 c - 5 rations
 p - 2 chunks of flesh


   Skills:
 + Level 3.7(3.0) Fighting
 + Level 2.4(1.7) Axes
 + Level 2.7(2.0) Armour
 + Level 1.5(0.8) Dodging
 * Level 1.4(0.7) Shields
 + Level 2.8(2.0) Invocations


You had 3 spell levels left.
You didn't know any spells.
Your spell library was empty.

Dungeon Overview and Level Annotations

Branches:
Dungeon (2/15)

Altars:


Innate Abilities, Weirdness & Mutations

You cannot be hasted, slowed, berserked, paralysed or teleported.
You can dig through walls and to a lower floor.
Your four strong arms can wield two-handed weapons with a shield.
You have a pair of large antennae on your head. (SInv)


Message History

A gnoll comes into view. It is wielding a +0 halberd.
A gnoll comes into view.
A gnoll comes into view. It is wielding a +0 club.
The gnoll shouts! x2
The gnoll hits you but does no damage.
The gnoll hits you from afar with a +0 halberd.
You hit the gnoll.
The gnoll is lightly wounded.
The gnoll hits you with a +0 spear.
The gnoll hits you from afar with a +0 halberd.
You barely miss the gnoll.
The gnoll is lightly wounded.
You block the gnoll's attack. The gnoll barely misses you.
The gnoll hits you with a +0 spear.
You hit the gnoll.
The gnoll is moderately wounded.
The gnoll hits you from afar with a +0 halberd!
The gnoll barely misses you.
The gnoll hits you from afar with a +0 halberd!
You die...

#.# #.# #.# #.# #.# #.#
#.# #.# #.###
####.###.###.#.#
...........#.#.#
##.#.###.#.#.#.# #.#.#
#.......# # #.#.#
#.#.#.#.#####g..#
##.#............@ggsg...
...#.###.#.#.#.######.#.
#).#.# #.#.#.#.# #..#.#
#.#.#.#.# +.... .......
#..#.# #.#.... ##.#...
...#{ ##.. ### ..# ...


You could see 4 gnolls and a giant cockroach.

Vanquished Creatures
  Natasha (D:2)
  An adder (D:2)
  A dart slug (D:1)
  A leopard gecko (D:2)
  A giant cockroach (D:2)
  4 hobgoblins
  2 jackals (D:2)
  A ball python (D:1)
  3 bats (D:1)
  6 frilled lizards (D:1)
  3 goblins
  5 kobolds
  A rat (D:1)
30 creatures vanquished.

Notes
Turn   | Place    | Note
-------+----------+-------------------------------------------
     0 | Abyss:1  | Descartes the Formicid Abyssal Knight began the quest for
                  | the Orb.
     0 | Abyss:1  | Reached XP level 1. HP: 18/18 MP: 2/2
    29 | Abyss:1  | Noticed an orb spider
    47 | Abyss:1  | Noticed a small abomination
    68 | Abyss:1  | Noticed a starcursed mass
    72 | Abyss:1  | Noticed a smoke demon
    75 | D:1      | Escaped the Abyss
   428 | D:1      | Reached skill level 1 in Dodging
   432 | D:1      | Reached XP level 2. HP: 16/24 MP: 3/3
   593 | D:1      | Reached * piety under Lugonu
  1097 | D:1      | Reached XP level 3. HP: 29/29 MP: 4/4
  1742 | D:2      | Noticed Natasha
  1751 | D:2      | Killed Natasha
  1751 | D:2      | Reached skill level 1 in Shields
  1751 | D:2      | Reached XP level 4. HP: 4/37 MP: 6/6
  2076 | D:2      | Slain by a gnoll

Skill      XL: |  1  2  3 |
---------------+----------+-----
Dodging        | 1 |  1.5
Shields        | 1 |  1.4
Fighting       | |  3.7
Axes           | |  2.4
Armour         | |  2.7
Invocations    | |  2.8

Action                   |  1- 3 |  4- 6 || total
-------------------------+-------+-------++-------
Melee: Hand axe          |   104 |    19 ||   123
Invok: Depart the Abyss  |     1 |       ||     1
 Abil: Dig               |     1 |       ||     1
  Eat: Chunk             |     3 |     1 ||     4
Armor: Scale mail        |    55 |    14 ||    69
Dodge: Dodged            |    46 |     6 ||    52
Block: Large shield      |    21 |     8 ||    29
